 Dungeon Crawl Stone Soup version 0.28-a0-991-g956f0ee3d5 (webtiles) character file.

Game seed: 5116298611563528678

62 ders the Digger (level 4, -5/24 HPs)
             Began as a Gargoyle Earth Elementalist on Dec 4, 2021.
             Slain by Terence (9 damage)
             ... on level 1 of the Dungeon.
             The game lasted 00:02:11 (1697 turns).

ders the Digger (Gargoyle Earth Elementalist)       Turns: 1697, Time: 00:02:12

Health: -5/24      AC:  5    Str: 11    XL:     4   Next: 8%
Magic:  8/8        EV: 11    Int: 18    God:
Gold:   51         SH:  0    Dex: 10    Spells: 3/8 levels left

rFire   . . .      SeeInvis .   (no weapon)
rCold   . . .      Faith    .   (no shield)
rNeg    + . .      Spirit   .   b - +0 robe
rPois   ∞          Reflect  .   (no helmet)
rElec   +          Harm     .   (no cloak)
rCorr   .          Rampage  .   (no gloves)
Will    .....                   (no boots)
Stlth   ++........              (no amulet)
HPRegen 0.08/turn               (no ring)
MPRegen 0.11/turn               (no ring)

@: no status effects
A: sickness immunity, AC +3, negative energy resistance 1, electricity
resistance, torment resistance 1, petrification resistance
a: no special abilities


You were on level 1 of the Dungeon.
You visited 1 branch of the dungeon, and saw 2 of its levels.

You collected 51 gold pieces.

Inventory:

Missiles
 c - 8 stones
Armour
 b - a +0 robe (worn)
Scrolls
 d - a scroll of teleportation {unknown}
 e - a scroll of noise {unknown}
 g - a scroll of identify {unknown}
Potions
 a - a potion of invisibility {unknown}
 f - a potion of brilliance {unknown}


   Skills:
 - Level 1.5 Dodging
 - Level 2.2 Stealth
 + Level 2.7 Spellcasting
 + Level 2.0 Conjurations
 - Level 0.7 Transmutations
 + Level 4.4 Earth Magic


You had 3 spell levels left.
You knew the following spells:

 Your Spells              Type           Power      Damage    Failure   Level
a - Sandblast             Erth           36%        2d10      2%          1
b - Beastly Appendage     Tmut           10%        N/A       12%         1
c - Stone Arrow           Conj/Erth      28%        3d8       13%         3

Your spell library contained the following spells:

 Spells                   Type           Power      Damage    Failure   Level
 Passwall                 Tmut/Erth      9%         N/A       9%          2
 Wereblood                Tmut           5%         N/A       19%         2
 Spider Form              Tmut/Pois      3%         N/A       38%         3
 Petrify                  Tmut/Erth      11%        N/A       50%         4


Dungeon Overview and Level Annotations

Branches:
Dungeon (2/15)

Altars:

Annotations:
D:1 Terence


Innate Abilities, Weirdness & Mutations

You are immune to sickness and miasma.
Your stone body is resilient. (AC +3)
You are immune to poison.
You resist negative energy. (rN+)
You are resistant to electric shocks. (rElec)
You are resistant to unholy torment.
You are immune to petrification.


Message History

Casting: Sandblast (safe; 2% risk of failure)
Confirm with . or Enter, or press ? or * to list all spells.
You grow a pair of large bovine horns.
Your feet morph into talons.
Terence hits you with a +0 falchion.
Your transformation is almost over.
Terence hits you with a +0 falchion!
Unknown command.
Casting: Beastly Appendage (safe; 12% risk of failure)
Confirm with . or Enter, or press ? or * to list all spells.
You extend your transformation's duration.
Terence barely misses you. Terence shouts, "Now you die!"
Terence barely misses you.
Unknown command.
Casting: Beastly Appendage (safe; 12% risk of failure)
Confirm with . or Enter, or press ? or * to list all spells.
You extend your transformation's duration.
Terence barely misses you. Terence hits you with a +0 falchion.
* * * LOW HITPOINT WARNING * * *
Unknown command.
Casting: Beastly Appendage (safe; 12% risk of failure)
Confirm with . or Enter, or press ? or * to list all spells.
You fail to extend your transformation any further.
Terence says, "Time to say good-bye..."
Terence barely misses you. Terence hits you with a +0 falchion!
* * * LOW HITPOINT WARNING * * *
Unknown command.
Your transformation is almost over.
You see here a +0 short sword.
Your horns disappear.
Your talons disappear.
Terence bares his teeth.
You see here 26 arrows.
There is an open door here.
There is an open door here.
Terence barely misses you.
Terence asks, "Do you want it fast or slow?"
Terence hits you with a +0 falchion!
You die...

..# #......#.## #.# #.)♣.♣♣♣ #.#
#......#..# #.# ##..♣♣♣. ..#
#########.###.# #.♣.♣.♣ #.#
#..##.# #...♣.♣ #.# ##.##.##
#..♣♣.♣ #.#### ####
#.....######..♣♣. ####.# ##..#
##.#.........♣... # #.#
###.#.####.#.####.###♣♣♣♣
####'####..##..@@.............♣..
..'...'..##########.....#####..♣.
###.<.#### #..##.# #.#..
..'...'..### #...#.# #.#.#
####'####..## #...#.# #.... # #.#
###.## #.....# ###.. ######
##.######.#...# #.#
#.####......#.#...# #.#
#.......(...'.....# #.#


You could see Terence.

Vanquished Creatures
  3 adders (D:2)
  A dart slug (D:1)
  5 bats
  2 endoplasms
  A giant cockroach (D:1)
  2 goblins (D:1)
  3 hobgoblins (D:1)
  4 jackals
  2 kobolds
  3 quokkas (D:1)
  2 ball pythons
  3 frilled lizards
31 creatures vanquished.

Notes
Turn   | Place    | Note
-------+----------+-------------------------------------------
     0 | D:1      | ders the Gargoyle Earth Elementalist began the quest for
                  | the Orb.
     0 | D:1      | Reached XP level 1. HP: 10/10 MP: 3/3
   304 | D:1      | Found a faded altar of an unknown god.
   325 | D:1      | Reached XP level 2. HP: 15/15 MP: 0/5
   492 | D:1      | Reached skill level 4 in Earth Magic
   571 | D:1      | Reached skill level 1 in Conjurations
  1001 | D:2      | Reached XP level 3. HP: 19/19 MP: 4/6
  1350 | D:2      | Reached XP level 4. HP: 24/24 MP: 3/8
  1410 | D:2      | Noticed Terence
  1482 | D:2      | Learned a level 1 spell: Beastly Appendage
  1486 | D:2      | Learned a level 3 spell: Stone Arrow
  1659 | D:1      | HP: 1/24 [Terence (7)]
  1697 | D:1      | Slain by Terence

Illustrated notes

Levels and vault maps discovered:
D:1:      dpeg_arrival_radiant, layout_basic, chequers_ecumenical_altar_grove
D:2:      layout_basic, minivault_5, kennysheep_jessica_study, uniq_terence

Skill      XL: |  1  2  3  4 |
---------------+-------------+-----
Earth Magic    | 4 |  4.4
Conjurations   | 1 2 |  2.0
Dodging        | |  1.5
Stealth        | |  2.2
Spellcasting   | |  2.7
Transmutations | |  0.7

Action                   |  1- 3 |  4- 6 || total
-------------------------+-------+-------++-------
Melee: Unarmed           |     9 |     1 ||    10
 Cast: Sandblast         |    42 |     8 ||    50
       Beastly Appendage |       |     8 ||     8
Armor: Robe              |     9 |     2 ||    11
Dodge: Dodged            |    22 |    12 ||    34

Table legend: (Time is in decaauts)
 A = Elapsed time spent in this place.
 B = Non-inter-level travel time spent in this place.
 C = Inter-level travel time spent in this place.
 D = Time resting spent in this place.
 E = Time spent auto-exploring this place.
 F = Levels seen in this place.
 G = Mean time per level.
                   A        B        C        D        E       F      G
               +--------+--------+--------+--------+--------+-----+--------+
         Total |   1699 |   1576 |    123 |    240 |    953 |   2 |  849.5 |
       Dungeon |   1699 |   1576 |    123 |    240 |    953 |   2 |  849.5 |
               +--------+--------+--------+--------+--------+-----+--------+

Top non-repeatable levels by time:
     D:1: 1516 daAuts
     D:2: 182 daAuts
